[ AOE2 MATCH · #470401528 ]
1v1 EWTeutons vs Britons
Player's team · LOSS
Rival team · WIN
[ REPLAY ANALYSIS · EXTRACTED FROM THE RECORDED GAME ]
Feudal
—
Castle
10:42
Imperial
26:04
| APM avg | 19.2 |
| APM peak | 45 |
| eAPM avg | 14.5 |
| Villagers / military | 54 / 99 |
Focus
⚔️ 40.1% · 🌾 59.9%
Skirmisher ×83 · Knight ×12 · Trebuchet (Packed) ×3 · Spearman ×1
Feudal
—
Castle
8:59
Imperial
20:38
| APM avg | 33.4 |
| APM peak | 72 |
| eAPM avg | 20.9 |
| Villagers / military | 71 / 68 |
Focus
⚔️ 28.5% · 🌾 71.5%
Archer ×56 · Fishing Ship ×32 · Mangonel ×8 · Trebuchet (Packed) ×4
Match map
Initial resources + every placement click. Lines = walls · curves = elevation contours. ◆ gold · ⬟ stone · ● berries · ✦ relic · ◌ wall gap
Your base· ✓ Map-separated
SHAPOCK's base· ✓ Map-separated
Smoothed initial terrain · ◌ = detected wall gap · hover for details
Inputs per minute
— marijndestoyer - - SHAPOCK
Build order — marijndestoyer
First 150 of 244 actions detected
| 0:03 | Create | Villager (Male) |
| 0:03 | Create | Villager (Male) |
| 0:10 | Research | Double-Bit Axe |
| 0:41 | Build | House |
| 0:43 | Build | House |
| 0:44 | Build | House |
| 0:46 | Build | House |
| 0:48 | Build | House |
| 0:51 | Build | House |
| 0:53 | Build | House |
| 0:55 | Build | House |
| 1:07 | Create | Villager (Male) |
| 1:07 | Create | Villager (Male) |
| 1:36 | Create | Spearman |
| 1:42 | Build | Farm |
| 1:48 | Build | Archery Range |
| 1:55 | Build | Stable |
| 2:03 | Create | Villager (Male) |
| 2:03 | Create | Villager (Male) |
| 2:07 | Build | Farm |
| 2:35 | Build | Farm |
| 2:36 | Create | Villager (Male) |
| 2:58 | Build | Farm |
| 3:02 | Create | Villager (Male) |
| 3:16 | Create | Skirmisher |
| 3:17 | Create | Skirmisher |
| 3:18 | Create | Skirmisher |
| 3:23 | Build | Archery Range |
| 3:27 | Research | Fletching |
| 3:29 | Build | Farm |
| 3:32 | Build | Farm |
| 4:02 | Create | Villager (Male) |
| 4:02 | Create | Villager (Male) |
| 4:07 | Build | Farm |
| 4:30 | Create | Skirmisher |
| 4:31 | Create | Skirmisher |
| 4:31 | Create | Skirmisher |
| 4:36 | Build | Farm |
| 4:39 | Create | Villager (Male) |
| 4:49 | Build | Farm |
| 4:49 | Build | Farm |
| 4:50 | Build | Farm |
| 4:52 | Build | Farm |
| 4:58 | Build | Farm |
| 5:08 | Build | House |
| 5:22 | Create | Skirmisher |
| 5:22 | Create | Skirmisher |
| 5:24 | Research | Padded Archer Armor |
| 5:25 | Create | Villager (Male) |
| 5:26 | Create | Villager (Male) |
| 5:30 | Build | Farm |
| 6:30 | Build | Stable |
| 6:40 | Create | Villager (Male) |
| 6:54 | Build | Mill |
| 6:55 | Build | Farm |
| 6:55 | Build | Farm |
| 6:56 | Build | Farm |
| 6:57 | Build | Farm |
| 6:58 | Build | Farm |
| 6:59 | Build | Farm |
| 7:00 | Build | Farm |
| 7:09 | Create | Villager (Male) |
| 7:55 | Build | Farm |
| 8:02 | Research | Castle Age |
| 8:27 | Research | Scale Barding Armor |
| 8:39 | Create | Skirmisher |
| 8:40 | Create | Skirmisher |
| 8:41 | Create | Skirmisher |
| 8:41 | Create | Skirmisher |
| 8:42 | Create | Skirmisher |
| 8:42 | Create | Skirmisher |
| 9:01 | Research | Horse Collar |
| 9:14 | Research | Gold Mining |
| 9:27 | Research | Bloodlines |
| 10:23 | Create | Skirmisher |
| 10:23 | Create | Skirmisher |
| 10:24 | Create | Skirmisher |
| 10:24 | Create | Skirmisher |
| 10:24 | Create | Skirmisher |
| 10:40 | Create | Skirmisher |
| 10:41 | Create | Skirmisher |
| 10:42 | Age | Castle Age |
| 10:45 | Create | Knight |
| 10:46 | Create | Knight |
| 10:46 | Create | Knight |
| 10:47 | Create | Knight |
| 10:49 | Create | Knight |
| 10:50 | Create | Knight |
| 11:02 | Research | Elite Skirmisher (upgrade) |
| 11:14 | Build | Watch Tower |
| 11:30 | Build | Mining Camp |
| 11:32 | Create | Villager (Male) |
| 11:32 | Create | Villager (Male) |
| 12:17 | Create | Villager (Male) |
| 12:22 | Research | Stone Mining |
| 12:28 | Research | Bow Saw |
| 13:05 | Create | Villager (Male) |
| 13:05 | Create | Villager (Male) |
| 13:14 | Build | Town Center |
| 13:24 | Create | Villager (Male) |
| 13:24 | Create | Villager (Male) |
| 13:41 | Create | Skirmisher |
| 13:41 | Create | Skirmisher |
| 13:45 | Create | Knight |
| 13:46 | Create | Knight |
| 13:58 | Create | Villager (Male) |
| 14:17 | Create | Villager (Male) |
| 14:18 | Create | Villager (Male) |
| 14:18 | Create | Villager (Male) |
| 14:38 | Build | Watch Tower |
| 14:46 | Create | Villager (Male) |
| 14:46 | Create | Villager (Male) |
| 14:50 | Create | Villager (Male) |
| 14:50 | Create | Villager (Male) |
| 15:07 | Create | Knight |
| 15:07 | Create | Knight |
| 15:13 | Create | Villager (Male) |
| 15:19 | Create | Skirmisher |
| 15:20 | Create | Skirmisher |
| 15:21 | Create | Skirmisher |
| 15:21 | Create | Skirmisher |
| 15:21 | Create | Skirmisher |
| 15:22 | Create | Skirmisher |
| 15:23 | Create | Skirmisher |
| 15:23 | Create | Skirmisher |
| 15:58 | Create | Skirmisher |
| 15:58 | Create | Skirmisher |
| 16:02 | Build | Watch Tower |
| 16:24 | Build | University |
| 16:26 | Create | Villager (Male) |
| 16:26 | Create | Villager (Male) |
| 16:27 | Create | Villager (Male) |
| 16:27 | Create | Villager (Male) |
| 16:29 | Create | Villager (Male) |
| 16:29 | Create | Villager (Male) |
| 16:41 | Build | Watch Tower |
| 16:47 | Create | Skirmisher |
| 16:47 | Create | Skirmisher |
| 16:49 | Create | Skirmisher |
| 16:49 | Create | Skirmisher |
| 16:54 | Build | House |
| 16:55 | Build | House |
| 16:56 | Build | House |
| 16:57 | Build | House |
| 16:58 | Build | House |
| 16:59 | Build | House |
| 17:09 | Research | Bodkin Arrow |
| 17:19 | Research | Stone Shaft Mining |
| 17:37 | Research | Wheelbarrow |
| 17:38 | Create | Villager (Male) |
Build order — SHAPOCK
First 150 of 178 actions detected
| 0:04 | Create | Villager (Male) |
| 0:04 | Create | Villager (Male) |
| 0:04 | Create | Villager (Male) |
| 0:04 | Create | Villager (Male) |
| 0:04 | Create | Villager (Male) |
| 0:20 | Build | Archery Range |
| 0:30 | Build | House |
| 0:31 | Build | House |
| 0:31 | Create | Villager (Male) |
| 0:32 | Create | Villager (Male) |
| 0:32 | Create | Villager (Male) |
| 0:44 | Create | Villager (Male) |
| 0:44 | Create | Villager (Male) |
| 1:05 | Create | Villager (Male) |
| 1:06 | Create | Villager (Male) |
| 1:12 | Build | Archery Range |
| 1:30 | Create | Villager (Male) |
| 1:31 | Create | Villager (Male) |
| 1:31 | Create | Villager (Male) |
| 1:31 | Create | Villager (Male) |
| 1:36 | Build | House |
| 1:58 | Build | Archery Range |
| 1:59 | Create | Villager (Male) |
| 1:59 | Create | Villager (Male) |
| 1:59 | Create | Villager (Male) |
| 2:21 | Create | Villager (Male) |
| 2:21 | Create | Villager (Male) |
| 2:22 | Create | Villager (Male) |
| 2:40 | Create | Archer ×5 |
| 2:40 | Create | Archer ×5 |
| 2:40 | Create | Archer |
| 2:41 | Create | Archer |
| 3:01 | Build | Dock |
| 3:10 | Build | House |
| 3:10 | Build | House |
| 3:15 | Create | Archer |
| 3:16 | Create | Archer |
| 3:18 | Create | Villager (Male) |
| 3:18 | Create | Villager (Male) |
| 3:45 | Build | Dock |
| 3:54 | Build | House |
| 3:59 | Research | Fletching |
| 4:05 | Create | Archer |
| 4:06 | Create | Archer |
| 4:06 | Create | Archer |
| 4:26 | Build | Dock |
| 4:45 | Create | Fishing Ship ×2 |
| 4:45 | Create | Fishing Ship ×2 |
| 5:51 | Create | Fishing Ship ×5 |
| 5:51 | Create | Fishing Ship ×5 |
| 5:57 | Build | House |
| 5:58 | Build | House |
| 6:19 | Research | Castle Age |
| 6:32 | Research | Gold Mining |
| 6:32 | Research | Gold Mining |
| 6:38 | Build | Dock |
| 6:54 | Create | Fishing Ship ×2 |
| 6:55 | Create | Fishing Ship ×2 |
| 7:06 | Research | Padded Archer Armor |
| 7:17 | Create | Archer ×4 |
| 7:18 | Create | Archer ×4 |
| 7:19 | Create | Archer |
| 7:19 | Create | Archer |
| 7:31 | Research | Double-Bit Axe |
| 7:32 | Research | Double-Bit Axe |
| 7:48 | Create | Archer ×2 |
| 7:48 | Create | Archer ×2 |
| 7:57 | Build | House |
| 7:57 | Build | House |
| 8:59 | Age | Castle Age |
| 9:00 | Research | Crossbowman (upgrade) |
| 9:00 | Research | Crossbowman (upgrade) |
| 9:00 | Research | Crossbowman (upgrade) |
| 9:04 | Build | Town Center |
| 9:11 | Research | Bodkin Arrow |
| 9:12 | Create | Villager (Male) |
| 9:12 | Create | Villager (Male) |
| 9:12 | Create | Villager (Male) |
| 9:12 | Create | Villager (Male) |
| 9:28 | Create | Fishing Ship ×4 |
| 9:36 | Create | Villager (Male) |
| 9:36 | Create | Villager (Male) |
| 10:51 | Create | Villager (Male) ×5 |
| 10:52 | Create | Villager (Male) |
| 10:53 | Create | Villager (Male) |
| 10:57 | Create | Villager (Male) |
| 10:57 | Create | Villager (Male) |
| 10:57 | Create | Villager (Male) |
| 11:06 | Build | Town Center |
| 11:11 | Create | Villager (Male) |
| 11:13 | Create | Villager (Male) |
| 11:13 | Create | Villager (Male) |
| 11:26 | Build | House |
| 11:27 | Build | House |
| 11:27 | Build | House |
| 11:39 | Create | Archer ×5 |
| 11:39 | Create | Archer ×5 |
| 11:45 | Create | Villager (Male) |
| 11:46 | Create | Villager (Male) |
| 12:25 | Create | Villager (Male) |
| 12:25 | Create | Villager (Male) |
| 12:25 | Create | Villager (Male) |
| 12:26 | Create | Villager (Male) |
| 12:43 | Build | Siege Workshop |
| 12:46 | Build | Siege Workshop |
| 13:03 | Build | Mining Camp |
| 13:09 | Create | Villager (Male) |
| 13:09 | Create | Villager (Male) |
| 13:13 | Research | Leather Archer Armor |
| 13:52 | Create | Mangonel ×3 |
| 13:59 | Create | Villager (Male) |
| 14:04 | Create | Villager (Male) |
| 14:04 | Create | Villager (Male) |
| 14:23 | Build | Castle |
| 14:27 | Create | Mangonel |
| 14:27 | Create | Mangonel |
| 14:32 | Create | Villager (Male) |
| 14:32 | Create | Villager (Male) |
| 14:32 | Create | Villager (Male) |
| 14:59 | Create | Fishing Ship ×5 |
| 15:10 | Build | House |
| 15:11 | Build | House |
| 15:12 | Build | House |
| 15:42 | Build | Lumber Camp |
| 16:40 | Build | Dock |
| 16:42 | Build | Dock |
| 17:28 | Research | Imperial Age |
| 17:38 | Build | Castle |
| 17:46 | Build | University |
| 17:48 | Create | Villager (Male) |
| 17:49 | Create | Villager (Male) |
| 17:49 | Create | Villager (Male) |
| 17:49 | Create | Villager (Male) |
| 18:04 | Build | Mining Camp |
| 18:14 | Create | Fishing Ship ×5 |
| 18:25 | Research | Ballistics |
| 19:26 | Build | Town Center |
| 20:11 | Research | Forging |
| 20:12 | Research | Scale Mail Armor |
| 20:28 | Build | Castle |
| 20:38 | Age | Imperial Age |
| 20:39 | Create | Trebuchet (Packed) |
| 20:39 | Create | Trebuchet (Packed) |
| 20:39 | Create | Trebuchet (Packed) |
| 20:39 | Create | Trebuchet (Packed) |
| 20:42 | Create | Villager (Male) |
| 20:42 | Create | Villager (Male) |
| 20:43 | Create | Villager (Male) |
| 20:43 | Create | Villager (Male) |
| 20:46 | Research | Wheelbarrow |
Match timeline
| 0:20 | SHAPOCK · first_building Archery Range |
| 1:48 | marijndestoyer · first_building Archery Range |
| 1:55 | marijndestoyer · first_building Stable |
| 3:01 | SHAPOCK · first_building Dock |
| 8:59 | SHAPOCK · age_up castle |
| 10:42 | marijndestoyer · age_up castle |
| 12:43 | SHAPOCK · first_building Siege Workshop |
| 14:23 | SHAPOCK · first_building Castle |
| 20:38 | SHAPOCK · age_up imperial |
| 21:35 | marijndestoyer · first_building Castle |
| 24:39 | marijndestoyer · first_building Siege Workshop |
| 25:54 | marijndestoyer · first_market_buy 500 wood |
| 26:04 | marijndestoyer · age_up imperial |
| 26:50 | marijndestoyer · first_market_sell 100 food |
| 27:37 | marijndestoyer · resign |
[ AI ANALYSIS · 1 CREDIT ]
What really happened in this match?
Wolo.gg analyzes every decision: build order, eco, micro, common mistakes by bracket. Personalized analysis on WhatsApp or Discord in 30 seconds.
Civ guide
Teutons
Map guide
Glacis
Perfil
marijndestoyer